[Event "FISCA IM Round Robin 2022"]
[Site "Cap Aurora"]
[Date "2022.06.25"]
[Round "5.1"]
[White "Voiteanu, Gabriel"]
[Black "Cosma, Ioan"]
[Result "0-1"]
[ECO "A30"]
[WhiteElo "2189"]
[BlackElo "2394"]
[Annotator "TA"]
[PlyCount "130"]
[EventDate "2022.06.22"]
[EventType "tourn"]
[EventCountry "ROU"]
[SourceTitle "playchess.com"]
[Source "ChessBase"]
[SourceQuality "1"]
[TimeControl "40/5400+30:900+30"]

1. Nf3 Nf6 2. g3 b6 3. Bg2 Bb7 4. O-O e6 5. c4 c5 6. b3 Be7 7. Bb2 O-O 8. d4 cxd4 9. Qxd4 d6 10. Nc3 a6 11. Rfd1 Nbd7 12. Rac1 Qc7 13. Qf4 {[%emt 0:12:38] 13.Nh4 is a critical line. A30: Symmetrical English: Double Fianchetto and Hedgehog.} Rac8 14. Ng5 (14. e4 $14) 14... Bxg2 $11 15. Kxg2 {[%emt 0:00:07] [#] Black has an edge.} Nc5 $146 (15... Qb7+ $11 {should be considered.} 16. Kg1 Nc5) ({Predecessor:} 15... Qb7+ 16. Qf3 Qb8 17. Nce4 Nxe4 18. Nxe4 b5 19. Qg4 Ne5 20. Bxe5 dxe5 21. Rd7 f5 {½-½ (40) Kholin,A (2412)-Ibadov,D (2285) Taganrog 2019}) 16. h4 h6 17. Nf3 ({White should play} 17. Nge4 $11) 17... Qb7 $1 $15 18. Kg1 b5 19. cxb5 axb5 20. Qb4 Nfe4 (20... Rb8 $1 $17 21. Nh2 d5) 21. Nd4 $11 (21. Nxb5 d5 22. a4 f6 $17) 21... Nxc3 22. Bxc3 Ne4 (22... Rb8 $11 {remains equal.}) 23. Qxb5 $16 Qa8 24. Ba1 (24. Bb4 $16) 24... d5 (24... Rxc1 $1 $11 {keeps the balance.} 25. Rxc1 Qxa2) 25. a4 $1 Ba3 26. Rc6 Rxc6 27. Qxc6 (27. Nxc6 Rc8 28. Ne5 Bc5 $11) 27... Qb8 28. Qb5 Qc7 29. Qc6 Qb8 30. Kg2 $1 Bd6 31. Qb5 Qc7 32. Qd3 Qb6 33. e3 (33. Rc1 $18) 33... Rc8 $14 34. Nb5 (34. Bb2 $14) 34... Bxg3 $11 35. Qd4 ({Better is} 35. f3 $11 Nc5 36. Qc2 (36. Qc3 e5 $11)) 35... Qxd4 $15 {Dancing on a razor blade.} 36. Rxd4 Bb8 {Hoping for ...Rc2. Black is more active.} (36... Bxh4 $6 37. f3 Rc2+ 38. Kh3 $11) 37. b4 (37. Rd1 $17) 37... Rc2 38. Rxe4 dxe4 $19 {[%mdl 4096] Endgame KRB-KBN} 39. Bd4 f5 40. a5 g5 $2 (40... e5 $19 41. Bc5 Ra2) 41. hxg5 $15 (41. a6 f4 42. exf4 (42. a7 $2 f3+ 43. Kh3 Bxa7 $19) 42... gxf4 $17) 41... hxg5 {aiming for ...f4.} 42. a6 f4 43. exf4 (43. a7 $2 f3+ 44. Kh3 Bxa7 $1 45. Bxa7 Rxf2 $19) 43... gxf4 44. Kh3 $1 (44. a7 $2 Bxa7 $1 45. Bxa7 e3 $19) 44... e3 45. fxe3 ({Don't go for} 45. a7 $2 Bxa7 $1 46. fxe3 Bxd4 47. exd4 Rc4 $19) 45... f3 46. e4 Rh2+ ({Don't do} 46... f2 47. Kg2 $16) 47. Kg4 f2 48. Bxf2 Rxf2 49. a7 {[#]} Bxa7 50. Nxa7 {KR-KN} Kf7 {Strongly threatening ...Kf6.} 51. Nc6 Rc2 52. b5 (52. Ne5+ $1 $15 Ke7 53. Kf3) 52... Rb2 $17 53. Nd4 $2 {[#]} (53. Kf4 $17) 53... Rb4 (53... e5 $1 $19 {[%cal Re5d4] is more deadly.} 54. Nf5 Ke6) 54. Nc6 Rxb5 55. Kf4 Kf6 56. e5+ Kg6 57. Ke4 Kg5 58. Nd4 Rb4 59. Kd3 Rb6 {( -> ...Kf4)} 60. Kc4 $2 (60. Ke4 $17) 60... Kf4 {Black mates.} 61. Kc5 Ra6 62. Kb5 {[#]} Kxe5 $1 63. Nf3+ Kf4 64. Nd4 Rd6 65. Kc5 {[#]} Rxd4 $1 {What a bad dream for White.  Weighted Error Value: White=0.34/Black=0.22 (precise)} 0-1

[Event "FISCA IM Round Robin 2022"]
[Site "Cap Aurora"]
[Date "2022.06.25"]
[Round "5.2"]
[White "Sanz Wawer, Daniel"]
[Black "Ciolacu, Alessia-Mihaela"]
[Result "1/2-1/2"]
[ECO "C93"]
[WhiteElo "2363"]
[BlackElo "2198"]
[Annotator "TA"]
[PlyCount "144"]
[EventDate "2022.06.22"]
[EventType "tourn"]
[EventCountry "ROU"]
[SourceTitle "playchess.com"]
[Source "ChessBase"]
[SourceQuality "1"]
[TimeControl "40/5400+30:900+30"]

1. e4 e5 2. Nf3 Nc6 3. Bb5 a6 4. Ba4 Nf6 5. O-O Be7 6. Re1 b5 7. Bb3 d6 8. c3 O-O 9. h3 Bb7 10. d4 Re8 11. Nbd2 Bf8 12. Bc2 h6 13. b3 {[%emt 0:06:18] C93: Closed Ruy Lopez: Smyslov Variation.} exd4 14. cxd4 Nb4 15. Bb1 $1 {[%emt 0:02:37] [#] White is slightly better.} c5 $146 ({Predecessor:} 15... g6 16. Bb2 Bg7 17. a3 Nc6 18. Bd3 Nd7 19. Qc2 Rc8 20. Rad1 Qe7 21. Qb1 Nb6 {1-0 (31) Pourramezanali,A (2537)-Sindarov,J (2474) Hamedan 2018}) 16. a3 (16. d5 $5 ) 16... Nc6 17. Bb2 (17. d5 $1 $14 Ne7 18. a4) 17... cxd4 $11 18. Nxd4 Nxd4 19. Bxd4 Nd7 20. b4 Be7 21. Nb3 Rc8 22. f4 Bf6 (22... Bh4 $5 23. Re3 Bf6 $11) 23. Ra2 Rc4 (23... Bxd4+ $11 24. Nxd4 Qb6) 24. Rd2 (24. Bf2 $1 $14) 24... Qa8 {[%emt 0:01:51] [#]} (24... Qc7 $11 {keeps the balance.}) 25. Bxf6 $1 $16 Nxf6 26. Na5 Rcc8 27. Nxb7 Qxb7 28. e5 dxe5 29. fxe5 Nh7 30. Kh1 {[%emt 0:01:53] Active counter play!} (30. Rd6 $14) 30... Nf8 31. Qh5 Qc7 (31... Rc3 $11) 32. Rf2 (32. Ba2 $1 $14) 32... g6 $2 (32... Rcd8 $11) 33. Qxh6 $18 {[%emt 0:01:38] And now Ba2 would win.} Rxe5 34. Ref1 Rce8 $2 (34... Rh5 35. Qe3 Qc3 36. Qxc3 Rxc3) 35. Ba2 Ne6 36. Rf6 {[%emt 0:01:44][%cal Of6g6] Rxg6+! would kill now.} Qd7 37. Bb1 $2 (37. Kh2 $18) 37... Nf8 $2 (37... Rh5 $11 {and Black has nothing to worry.} 38. Qe3 Ng5) 38. Ba2 (38. Rxa6 $2 Re1 39. Raf6 Qd1 $17) 38... Ne6 39. Qh4 $2 (39. Kh2 $18 {is more deadly.}) 39... Re2 (39... Rh5 $2 40. Qe4 Rh7 41. Bd5 $18) (39... Re7 $16 {keeps fighting.}) 40. Bb1 ({But not} 40. Rxf7 Qxf7 41. Rxf7 Kxf7 42. Qh7+ Kf6) 40... Qd5 {[%emt 0:01:20][%csl Ge2][%cal Rd5g2] [#]} 41. Qg3 (41. Qg4 $1 $18 Nf8 42. Rxf7 Qxf7 43. Rxf7 Kxf7 44. Kh2 (44. Qf3+ Kg7 $16)) 41... Nf8 (41... Re7 $1 $11 {and Black is okay.}) 42. R6f5 $2 (42. Rxf7 $18 Qxf7 43. Rxf7 Kxf7 44. Kh2) 42... Qe6 $2 (42... Rxg2 $11 {and Black stays safe.} 43. Qxg2 (43. Rxd5 $2 {is the wrong capture.} Rxg3 44. Rd3 Rxd3 $19) 43... Qxg2+ 44. Kxg2 gxf5) 43. R5f3 $2 ({Only move:} 43. Rxf7 $18 {[%cal Ob1g6] White threatens Bxg6! and mate.} Qxf7 44. Rxf7 Kxf7 45. Kh2) 43... Re7 $11 {[%emt 0:03:21] The position is equal.} 44. Bd3 Re3 45. Qf4 Rxf3 46. Rxf3 Qe1+ (46... Nd7 {with more complications.} 47. Qd4 Qc6 48. Rf1 Qc7) 47. Kh2 Qe5 48. Qxe5 Rxe5 {[%emt 0:00:02][%mdl 4096] Endgame KRB-KRN} 49. Bc2 Ne6 50. Bb3 Kg7 51. Rd3 Kf6 52. Rd6 Re3 $1 53. Bxe6 Rxe6 54. Rxe6+ Kxe6 {[%emt 0:00:21] KP-KP} 55. Kg3 Kf5 56. Kf3 g5 57. Ke3 Ke5 58. g3 f6 59. h4 {[%emt 0:00:50] Intending Kf3 and mate.} Kf5 $1 60. Kf3 {[%emt 0:00:30] Threatens to win with g4+.} Kg6 61. Kg2 Kh5 62. Kh3 f5 {[%emt 0:00:05] ( -> ...gxh4)} 63. hxg5 Kxg5 {[%emt 0:00:02] K3P-K3P} 64. Kg2 Kg4 65. Kf2 f4 66. gxf4 Kxf4 {[%emt 0:00:05] KPP-KPP} 67. Ke2 Ke4 68. Kd2 Kd4 69. Kc2 Kc4 70. Kb2 Kd3 71. Kb3 Kd4 72. Kb2 Ke5 {[%emt 0:05:39] Black escapes into a draw.  Weighted Error Value: White=0.58/Black=0.53} 1/2-1/2

[Event "FISCA IM Round Robin 2022"]
[Site "Cap Aurora"]
[Date "2022.06.25"]
[Round "5.3"]
[White "Antonica, Dragos-Andrei"]
[Black "Manolache, Marius"]
[Result "1/2-1/2"]
[ECO "A15"]
[WhiteElo "2355"]
[BlackElo "2481"]
[Annotator "TA"]
[PlyCount "22"]
[EventDate "2022.06.22"]
[EventType "tourn"]
[EventCountry "ROU"]
[SourceTitle "playchess.com"]
[Source "ChessBase"]
[SourceQuality "1"]
[TimeControl "40/5400+30:900+30"]

1. Nf3 Nf6 2. c4 g6 3. b4 e6 4. a3 {[%emt 0:02:23] [#]} a5 $146 ({Predecessor:} 4... Bg7 5. Bb2 O-O 6. e3 b6 7. Be2 c5 8. O-O Nc6 9. d4 d6 10. b5 Na5 11. dxc5 dxc5 {1-0 (33) Bologan,V (2608)-Trent,L (2470) Caleta 2015}) 5. b5 d5 6. Bb2 {[%emt 0:03:23] A15: English Opening: 1...Nf6.} Bg7 7. e3 Nbd7 8. a4 O-O {[%emt 0:00:31] The position is equal.} 9. Be2 Re8 10. d4 c5 11. bxc6 bxc6 {[%emt 0:00:08] A rather calm draw.  Weighted Error Value: White=0.06 (flawless) /Black=0.08 (flawless)} 1/2-1/2

[Event "FISCA IM Round Robin 2022"]
[Site "Cap Aurora"]
[Date "2022.06.25"]
[Round "5.4"]
[White "Cosman, Andreea-Marioara"]
[Black "Buzbuchi, Ionut"]
[Result "1-0"]
[ECO "A65"]
[WhiteElo "2120"]
[BlackElo "2301"]
[Annotator "TA"]
[PlyCount "87"]
[EventDate "2022.06.22"]
[EventType "tourn"]
[EventCountry "ROU"]
[SourceTitle "playchess.com"]
[Source "ChessBase"]
[SourceQuality "1"]
[TimeControl "40/5400+30:900+30"]

1. d4 Nf6 2. c4 g6 3. Nc3 Bg7 4. e4 d6 5. f3 O-O 6. Be3 c5 7. Nge2 Nc6 8. d5 Ne5 9. Ng3 e6 10. Be2 exd5 11. cxd5 a6 12. a4 Bd7 13. O-O {[%emt 0:05:08] A65: Modern Benoni: 6 e4.} h5 14. h3 (14. Qd2 $14) 14... h4 $11 15. Nh1 {[%emt 0:00:08] Hoping for f4. White has an edge.} b5 $1 16. Bg5 {[%emt 0:04:38] has lost popularity (16.axb5).} Qb6 (16... c4 $11 {keeps the balance.}) 17. a5 Qc7 18. f4 Nc4 19. Bxc4 bxc4 20. Bxh4 Rfe8 {[%emt 0:04:41] [#]} 21. Qf3 $146 ({Predecessor:} 21. Ng3 Nh7 22. Qd2 f6 23. Nge2 f5 24. Ng3 Rab8 25. exf5 gxf5 26. Qc2 Qb7 27. Nxf5 Bxf5 28. Qxf5 Qxb2 {½-½ (33) Roghani,A-Radovanovic,D (2225) Calicut 1998}) 21... Nh7 22. f5 $1 g5 23. f6 (23. Bg3 $16) 23... Bxf6 24. Bg3 Bd4+ 25. Kh2 f6 26. Nf2 {[%emt 0:02:38] Against g4} Rab8 27. Ra2 Rb3 28. Qh5 Re7 29. e5 Bxe5 (29... Bxc3 $2 30. bxc3 Be8 31. exd6 $18) (29... Rxe5 $14 30. Qg6+ (30. Bxe5 Bxe5+ 31. Kh1 Kg7 $14) 30... Kh8) 30. Bxe5 $16 {[%emt 0:00:07] The board is on fire.} Rxe5 31. Qg6+ Kh8 {[%emt 0:00:29] [#] aiming for ...Bf5.} 32. Nfe4 $1 ({Worse is} 32. Qh6 Bf5 33. Qh5 Qg7 $17) 32... Be8 33. Qh6 Qg7 34. Qxg7+ Kxg7 35. Nxd6 Nf8 36. Nxc4 {[%emt 0:00:43] White is more active. Pair of Knights!} Re7 37. Nd6 {[%emt 0:00:30] And now Nf5+ would win.} Bg6 {[%emt 0:00:30] [#]} 38. Nf5+ ({Better is} 38. Nc8 $1 $16 Re3 39. Nb6) 38... Bxf5 $14 39. Rxf5 Nd7 40. d6 (40. Rf2 $14) 40... Re6 $11 41. Rd5 Rb4 42. Ra1 Rxb2 43. Na4 Ree2 (43... Rc2 $11) 44. Nxb2 {[%emt 0:00:30] Weighted Error Value: White=0.22 (precise) /Black=0.42} 1-0

[Event "FISCA IM Round Robin 2022"]
[Site "Cap Aurora"]
[Date "2022.06.25"]
[Round "5.5"]
[White "Dev, Shah"]
[Black "Srinath, Rao S.V."]
[Result "1-0"]
[ECO "E73"]
[WhiteElo "2292"]
[BlackElo "2316"]
[Annotator "TA"]
[PlyCount "87"]
[EventDate "2022.06.22"]
[EventType "tourn"]
[EventCountry "ROU"]
[SourceTitle "playchess.com"]
[Source "ChessBase"]
[SourceQuality "1"]
[TimeControl "40/5400+30:900+30"]

1. d4 Nf6 2. c4 g6 3. Nc3 Bg7 4. e4 d6 5. Be2 O-O 6. Be3 e5 7. d5 Na6 8. h4 Nc5 {[%emt 0:01:03] E73: King's Indian: Averbakh Variation without 6...c5.} 9. Qc2 h5 10. f3 c6 {[%emt 0:04:33] White is slightly better.} 11. b4 Na6 12. a3 cxd5 13. cxd5 (13. Nxd5 Nc7 $11) 13... Bd7 14. Nh3 {[%emt 0:01:37] [#]} Bxh3 $146 ({Predecessor:} 14... Qe7 15. Ng5 Rfc8 16. Qd2 Nc7 17. Kf2 Nce8 18. Rac1 Nh7 19. g3 Nf8 20. Kg2 f6 {1-0 (51) Nenezic,M (2528)-Radovanovic,N (2423) Paracin 2022}) 15. Rxh3 (15. gxh3 Nh7 $11) 15... Rc8 16. Qd2 (16. Bxa7 Qc7 17. Rc1 Bh6 $15) 16... Qd7 17. Bxa7 (17. Nb5 $142) 17... Ra8 $16 18. Nb5 (18. Bb5 $16 Qc7 19. Bf2) 18... Ne8 (18... b6 $1 $11 {remains equal.}) 19. Be3 {[%emt 0:16:56] White is much more active. The black rooks are badly placed.} f5 20. exf5 gxf5 21. Bh6 (21. Rc1 $16) 21... f4 $14 22. Bxg7 (22. Bg5 $5 ) 22... Qxg7 23. Bc4 e4 (23... Rc8 $11 24. Rc1 Qd7) 24. Rd1 ({White should play} 24. O-O-O $16) 24... Rc8 $2 {[%emt 0:15:49] [#]} (24... e3 $15 {keeps the upper hand.} 25. Qc2 Nac7) 25. Bb3 (25. Qd4 $1 $16) 25... exf3 $2 (25... e3 $11 26. Qe2 Qe5) 26. Rxf3 $18 {[%emt 0:00:50] Black must now prevent Nd4.} Nf6 {[%emt 0:00:04] [#] Threatens to win with ...Ne4.} (26... Nec7 $2 27. Nd4) 27. Kf1 ({Don't go for} 27. Qxf4 $2 Rce8+ 28. Kf1 Ne4 $19) (27. Nxd6 Qe7+ 28. Qe2 Qxd6 29. Qe6+ Qxe6+ 30. dxe6 Kg7 $15) (27. Nd4 $1 $18 ) 27... Ne4 $16 28. Qd3 Rce8 (28... Ng3+ $16 29. Kg1 Nb8) 29. Nd4 $18 Ng3+ 30. Kg1 {[%emt 0:01:05] And now Ne6 would win.} Qg4 31. Ne6 {[%emt 0:00:52] Inhibits Nc7.} (31. Bc2 Re7 $16) 31... Rf6 $2 (31... Nc7 32. Rc1 (32. Nxc7 Ne2+ 33. Kf1 Ng3+ 34. Kg1 Ne2+ 35. Kh1 Ng3+ 36. Kg1 $11) (32. Nxf8 Kxf8 33. Qc4 Kg8 $16) 32... Nxe6 33. dxe6 Rf5 34. e7+ Kg7) 32. Bc2 (32. Ba4 $142 Re7 33. Rc1 Rfxe6 34. dxe6) 32... Re7 33. Nxf4 {[%emt 0:00:10] Dancing on a razor blade.} Nf5 (33... Ne2+ 34. Nxe2 Rxf3 35. Qxf3 Qxf3 36. gxf3 Rxe2) 34. Nxh5 Qxh5 35. Rxf5 Qxh4 36. Rxf6 Qxf6 37. Rf1 Qg5 38. Rf3 {[%emt 0:07:12] Rg3 would kill now.} Rg7 39. Qf1 Re7 $2 (39... Qe7 40. Qf2 Nc7) 40. Qf2 {[%emt 0:01:23] Intending Rg3 and mate.} Qe5 41. Rg3+ Rg7 42. Re3 Qh5 43. Qf6 Rg5 44. Qd8+ {[%emt 0:00:57] Weighted Error Value: White=0.49/Black=0.76} 1-0

[Event "FISCA IM Round Robin 2022"]
[Site "Cap Aurora"]
[Date "2022.06.26"]
[Round "6.1"]
[White "Cosma, Ioan"]
[Black "Srinath, Rao S.V."]
[Result "1/2-1/2"]
[ECO "E97"]
[WhiteElo "2394"]
[BlackElo "2316"]
[Annotator "TA"]
[PlyCount "99"]
[EventDate "2022.06.22"]
[EventType "tourn"]
[EventCountry "ROU"]
[SourceTitle "playchess.com"]
[Source "ChessBase"]
[SourceQuality "1"]
[TimeControl "40/5400+30:900+30"]

1. Nf3 Nf6 2. c4 g6 3. Nc3 Bg7 4. e4 d6 5. d4 O-O 6. Be2 e5 7. O-O Nc6 8. dxe5 dxe5 9. Bg5 Qxd1 10. Rfxd1 Bg4 {[%emt 0:01:00] 10...Bg4 has become a bit dusty these days.} 11. h3 Bxf3 {[%emt 0:00:30] E97: King's Indian: Classical Main Line (6...e5 7 0-0 Nc6): 8 Be3 and 8 d5 Ne7, not 9 Ne1.} 12. Bxf3 Nd4 13. Nd5 Nxd5 {[%emt 0:03:26] White has an edge.} 14. cxd5 f5 15. Be3 Rae8 {[%emt 0:23:41] [#]} 16. Bxd4 $146 ({Predecessor:} 16. Kh1 Rf7 17. Rac1 Rd8 18. exf5 Nxf5 19. Bxa7 e4 20. Be2 Kh8 21. g4 Nd6 22. Be3 {½-½ (47) Muljadi,P (2166)-Bucsa,I (2237) ICCF email 2016}) 16... exd4 17. exf5 Rxf5 18. Rac1 Re7 19. Rc4 h5 20. Kf1 Kf8 21. Ra4 a6 22. Rb4 b6 (22... b5 $14) 23. d6 $1 $16 cxd6 24. Rxb6 Rb5 25. Rxd6 Rxb2 26. a4 Rc7 (26... Kf7 $16) 27. Re1 ({White should try} 27. Rxa6 $18 Rcc2 28. Rxg6) 27... Rcc2 (27... Rc8 $16 28. Be4 (28. Rxa6 d3 $16) 28... g5) 28. Kg1 (28. Rd8+ $18 {and the rest is easy.} Kf7 29. Bd5+ Kf6 30. Rd6+ Kf5 31. Be4+ Ke5 32. Rxg6 (32. Bxc2+ Kxd6 33. Bxg6 Ra2 $14) 32... Rxf2+ 33. Kg1) 28... Rxf2 (28... d3 $16) 29. Rd8+ $1 $18 Kf7 30. Rd7+ Kf6 31. Bd5 Rf5 {[%emt 0:07:11] [#]} 32. Re6+ (32. h4 $1 $18 Rxd5 33. Rxd5) 32... Kg5 $11 33. Rxg7 Rxd5 34. Rexg6+ {[%emt 0:03:55][%mdl 4096] Endgame KRR-KRR} Kf4 $1 35. Rf7+ Ke4 {[%emt 0:01:03] aiming for ...d3.} 36. Re7+ {[%emt 0:01:18] [#]} (36. Re6+ $15 Re5 37. Rxa6) 36... Re5 (36... Kd3 $1 $17 {...a5 is the strong threat.} 37. Rf7 a5) 37. Rd7 (37. Rxe5+ $1 $11 Kxe5 38. Kf1) 37... a5 $17 38. h4 Ra2 39. Kh2 (39. Rf6 {was called for.}) 39... Rxa4 $19 40. g4 hxg4 41. Rxg4+ Kf3 $2 ({Better is} 41... Kd3 $19 {White must now prevent ...Rc4.} 42. Kg3 Re3+ 43. Kh2 Rc4) 42. Rdxd4 $11 {[%emt 0:01:51] The position is equal.} Rxd4 43. Rxd4 {[%emt 0:00:05] KR-KR} Re4 44. Rd3+ Kg4 45. Kg2 a4 46. Kf2 Kxh4 47. Kf3 Rb4 48. Ke3 Kg5 49. Rd5+ Kf6 50. Kd3 {[%emt 0:04:39] White used his chance.  Weighted Error Value: White=0.31/Black=0.29 (precise)} 1/2-1/2

[Event "FISCA IM Round Robin 2022"]
[Site "Cap Aurora"]
[Date "2022.06.26"]
[Round "6.2"]
[White "Buzbuchi, Ionut"]
[Black "Dev, Shah"]
[Result "0-1"]
[ECO "A34"]
[WhiteElo "2301"]
[BlackElo "2292"]
[Annotator "TA"]
[PlyCount "60"]
[EventDate "2022.06.22"]
[EventType "tourn"]
[EventCountry "ROU"]
[SourceTitle "playchess.com"]
[Source "ChessBase"]
[SourceQuality "1"]
[TimeControl "40/5400+30:900+30"]

1. Nf3 {[%emt 0:00:03] Marin,M} Nf6 2. g3 c5 3. c4 Nc6 4. Bg2 d5 5. cxd5 Nxd5 6. Nc3 Nc7 7. O-O e5 8. a3 Rb8 {[%emt 0:02:20] A34: Symmetrical English: 2 Nc3, lines with ...d5.} 9. Rb1 Be7 10. b4 cxb4 {[%emt 0:00:29] White has an edge.} 11. axb4 {[%emt 0:00:05] With the idea b5.} b5 12. d3 O-O 13. Be3 Bb7 {[%emt 0:02:51] [#]} (13... Bg4 {seems wilder.} 14. Qb3 Nd4 15. Qa2 Bxf3 16. exf3 Rc8) 14. Ne4 $146 ({Predecessor:} 14. Qd2 Re8 15. Ne4 Na6 16. Rfc1 Ba8 17. Nc5 Nxc5 18. Bxc5 e4 19. dxe4 Bxc5 20. Rxc5 Rxe4 {½-½ (38) Svidler,P (2753)-Karjakin,S (2771) Stavanger 2014 CBM 161 [Marin,M]}) 14... Nd5 15. Bc5 Ndxb4 16. Bxb4 (16. Nxe5 $1 $11 a5 17. Nxc6 Bxc6 18. Qc1) 16... Nxb4 $17 17. Nxe5 a5 18. Qd2 (18. Qb3 $17) 18... f6 $19 19. Rxb4 (19. Nf3 {was worth a try.}) 19... Bxb4 20. Qa2+ {[%emt 0:00:04] [#]} Kh8 $1 21. Nf7+ {[%emt 0:00:25] [#]} Rxf7 $1 22. Qxf7 Be7 {[%emt 0:00:59] A strong pair of Bishops.} ({Black should try} 22... Qd5 $19 23. Qxd5 Bxd5) 23. h4 $2 {[%emt 0:06:30] Now White is beyond hope.} (23. Nc3 $17 {was called for.}) 23... b4 (23... Bd5 $142 24. Ng5 Bxg2) 24. Nd2 (24. Rb1 $142) 24... Bxg2 25. Kxg2 a4 {[%emt 0:00:04][%cal Ba5a4,Ba4a3][%mdl 32] aiming for ...b3.} 26. Ra1 Qd7 {[%emt 0:01:35] Threatens to win with ...b3.} 27. Qc4 Bf8 28. Qa6 $2 (28. Qa2 Qc6+ 29. Kh2) 28... a3 {[%emt 0:03:00] Black is clearly winning.} 29. Qc4 b3 30. e4 b2 {[%emt 0:33:40] Weighted Error Value: White=0.67/Black=0.12 (very precise)} 0-1

[Event "FISCA IM Round Robin 2022"]
[Site "Cap Aurora"]
[Date "2022.06.26"]
[Round "6.3"]
[White "Manolache, Marius"]
[Black "Cosman, Andreea-Marioara"]
[Result "1-0"]
[ECO "D03"]
[WhiteElo "2481"]
[BlackElo "2120"]
[Annotator "TA"]
[PlyCount "57"]
[EventDate "2022.06.22"]
[EventType "tourn"]
[EventCountry "ROU"]
[SourceTitle "playchess.com"]
[Source "ChessBase"]
[SourceQuality "1"]
[TimeControl "40/5400+30:900+30"]

1. d4 Nf6 2. Bg5 e6 3. Nd2 d5 4. e3 Be7 5. Bd3 b6 6. c3 O-O 7. Ngf3 Ba6 {[%emt 0:04:51] D03: 1 d4 d5 2 Nf3 Nf6 3 Bg5, including Torre Attack with early ...d5.} 8. Bxa6 Nxa6 9. Qe2 Nb8 {[%emt 0:05:36] The position is equal.} 10. h4 {[%emt 0:04:01] [#]} Nbd7 $146 ({Predecessor:} 10... c5 11. Bxf6 Bxf6 12. g4 Nc6 13. g5 Be7 14. Ne5 Nxe5 15. dxe5 d4 16. f4 dxc3 17. bxc3 {1-0 (32) Indjic,A (2607)-Sammed Jaykumar,S (2412) Chess.com INT 2021}) 11. h5 Ne4 (11... h6 $5 12. Bf4 Qb8 $11) 12. Bh4 f5 13. Qb5 Nxd2 14. Kxd2 Nf6 ({Better is} 14... Bxh4 $11 15. Rxh4 c5) 15. Bxf6 Bxf6 16. Qc6 Qe7 17. g3 a5 18. Ne1 e5 (18... Rab8 $11) 19. Nd3 (19. Qxd5+ $16 Kh8 20. Qc6) 19... exd4 (19... Rfd8 $11 {keeps the balance.}) 20. exd4 $16 ({Of course not} 20. Qxd5+ $6 Kh8 21. exd4 (21. cxd4 Rad8 $11) 21... Rad8 $14) 20... Qe4 $2 (20... Rad8 $16 {was necessary.}) 21. Rae1 $18 Qf3 22. Kc2 {[%emt 0:02:58] Active counter play!} ({Weaker is} 22. Qxc7 Rae8 $16) 22... Rad8 23. Qe6+ ({Not} 23. Qxc7 Rde8 $16) 23... Kh8 24. Nf4 {[%emt 0:02:18][%cal Of4g6] White wants to mate with Ng6+!} Bg5 $2 {[%emt 0:03:00] [#]} (24... Qxf2+ $18 25. Kb1 Bg5) 25. Ng6+ $1 hxg6 26. hxg6+ Bh6 {[%emt 0:00:07] [#]} 27. Rxh6+ $1 gxh6 28. Qe7 Qxf2+ {[%emt 0:00:04] [#]} 29. Kb3 $1 {[%emt 0:00:12] Weighted Error Value: White=0.15 (very precise) /Black=0.62} 1-0

[Event "FISCA IM Round Robin 2022"]
[Site "Cap Aurora"]
[Date "2022.06.26"]
[Round "6.4"]
[White "Ciolacu, Alessia-Mihaela"]
[Black "Antonica, Dragos-Andrei"]
[Result "0-1"]
[ECO "E73"]
[WhiteElo "2198"]
[BlackElo "2355"]
[Annotator "TA"]
[PlyCount "66"]
[EventDate "2022.06.22"]
[EventType "tourn"]
[EventCountry "ROU"]
[SourceTitle "playchess.com"]
[Source "ChessBase"]
[SourceQuality "1"]
[TimeControl "40/5400+30:900+30"]

1. d4 Nf6 2. c4 g6 3. Nc3 Bg7 4. e4 d6 5. Be2 O-O 6. Bg5 h6 7. Be3 e5 8. d5 Na6 9. g4 Nc5 10. f3 $1 h5 {[%emt 0:01:13] E73: King's Indian: Averbakh Variation without 6...c5.} 11. g5 Nh7 12. h4 {[%emt 0:00:49] 12.Qd2 deserves study.} f6 {[%emt 0:02:51] White is slightly better.} 13. gxf6 Bxf6 14. Bf2 Be7 15. Kd2 Rf4 16. Qe1 $1 a5 17. b3 (17. Kc2 $16) 17... c6 (17... Bd7 $11) 18. Kc2 $14 Bd7 19. Rd1 Na6 20. Kb2 {[%emt 0:04:56] [#]} (20. Nh3 $16 Rf6 21. Kb2) 20... c5 $146 ({Predecessor:} 20... Rb8 21. Nh3 Rxh4 22. Bxh4 Bxh4 23. Qg1 Qf6 24. dxc6 Bxc6 25. Qb6 Nc5 26. Nd5 Qg7 27. Qxa5 Ne6 {½-½ (53) Ozturk Orenli,K (2262)-Nitin,S (2428) Graz 2017}) 21. a4 Qf8 (21... Nf8 $142) 22. Nh3 (22. Be3 $16) 22... Rxf3 $11 23. Bxf3 Qxf3 24. Qe2 $2 {[%emt 0:18:23][%mdl 8192] [#]} (24. Ng5 $1 $11 {and White stays safe.} Nxg5 25. hxg5) 24... Rf8 $1 $19 25. Rdg1 {[%emt 0:11:09] Black must now prevent Qxf3.} Qxe2+ 26. Nxe2 Bxh3 27. Rxg6+ {[%emt 0:04:32] [#]} Kf7 $1 28. Rgg1 (28. Rh6 $142 Bg2 29. Rg1 (29. Rxh7+ $2 Ke8 $19) 29... Bxe4 30. Be3) 28... Bg4 29. Ng3 Nb4 {[%emt 0:01:25] Threatens to win with ...Nd3+.} 30. Kc3 {[%emt 0:00:00] Against Nd3} (30. Rf1 Kg7 31. Be3) 30... Ke8 {[%emt 0:00:39] Black is clearly winning.} 31. Be3 Rf3 32. Kd2 Nf6 {[%emt 0:00:20][%cal Of3g3] ...Rxg3! is the strong threat.} 33. Rh2 {[%emt 0:01:54] [#]} Rxg3 $1 {[%emt 0:00:21][%mdl 512] Weighted Error Value: White=0.56/Black=0.12 (very precise)} 0-1